 Dungeon Crawl Stone Soup version 0.13-a0-3060-g5a62039 (webtiles) character file.

589 Sachiko the Chopper (level 5, -6/47 HPs)
             Began as a Lava Orc Berserker on Sept 11, 2013.
             Was an Elder of Trog.
             Splashed by a jelly's acid (13 damage)
             ... on Level 5 of the Dungeon on Sept 15, 2013.
             The game lasted 00:13:37 (3197 turns).

Sachiko the Chopper (Lava Orc Berserker)            Turns: 3197, Time: 00:13:38

HP  -6/47        AC  5     Str 20      XL: 5   Next: 60%
MP   4/4         EV 12     Int  7      God: Trog [****..]
Gold 375         SH  0     Dex 11      Spells:  0 memorised,  4 levels left

Res.Fire  : + . .   See Invis. : .   a - +1,-1 orc hand axe {=f}
Res.Cold  : . . .   Warding    : .   k - -1 leather armour
Life Prot.: . . .   Conserve   : .   (no shield)
Res.Poison: +       Res.Corr.  : .   (no helmet)
Res.Elec. : .       Clarity    : .   (no cloak)
Sust.Abil.: . .     Spirit.Shd : .   (no gloves)
Res.Mut.  : .       Stasis     : .   (no boots)
Res.Rott. : .       Flight     : .   (no amulet)
Saprovore : + . .                    h - ring of poison resistance {unknown}
                                     (no ring)

@: slightly resistant to hostile enchantments, very unstealthy
A: conserve scrolls, saprovore 1
a: Burn Spellbooks, Berserk, Trog's Hand, Brothers in Arms, Renounce Religion


You were on level 5 of the Dungeon.
You worshipped Trog.
Trog was extremely pleased with you.
You were hungry.

You visited 1 branch of the dungeon, and saw 5 of its levels.

You collected 355 gold pieces.

Inventory:

Hand weapons
 a - a +1,-1 orcish hand axe (weapon) {=f}
Armour
 b - a +0 animal skin
 k - a -1 leather armour (worn)
Magical devices
 l - a wand of disintegration (7)
Comestibles
 c - 2 meat rations
 g - a bread ration
 n - a pear
 p - a choko
Scrolls
 i - 2 scrolls of remove curse
Jewellery
 d - a -2 ring of evasion
 h - a ring of poison resistance (right hand) {unknown}
Potions
 e - a potion of cure mutation
 f - a potion of resistance
 j - a potion of agility
 m - a potion of invisibility
 o - 2 potions of curing {unknown}


   Skills:
 + Level 4.8 Fighting
 + Level 5.3 Axes
 + Level 2.5 Armour
 + Level 3.2 Dodging


You had 4 spell levels left.
You didn't know any spells.

Dungeon Overview and Level Annotations

Branches:
Dungeon (5/27)             Temple (0/1) D:4

Altars:


Innate Abilities, Weirdness & Mutations

You have stony skin.
You cover ground slowly.
Your flesh is heat resistant.
Your flesh is vulnerable to cold.
Your heat harms attackers.
You bathe your surroundings in blazing heat.
You are too hot to use scrolls.
You are very good at protecting items from fire.
You can tolerate rotten meat.


Message History

You hit the jelly.
The jelly is moderately wounded.
Your movements quicken.
The jelly barely misses you.
You hit the jelly.
The jelly is severely wounded.
The goblin closely misses you. The jelly closely misses you.
You hit the jelly.
The jelly is almost dead.
The goblin hits you but does no damage. The jelly hits you.
You are splashed with acid!
The acid burns!
* * * LOW HITPOINT WARNING * * *
You barely miss the jelly.
The jelly is almost dead.
The goblin closely misses you. The jelly hits you.
* * * LOW HITPOINT WARNING * * *
You are splashed with acid!
The acid corrodes your +0 leather armour!
The acid burns!
You die...

. #.. ..s. .....$ ....g
#.....# #..... #J....#
#..... #.....# #.....
#..... #..... #...
#..[..####.#############
#...(.g@J...............
#.....###..).....#######
#..................).....
#.#.######..).....#######
# # #........# #........#
#........#
#........#######
.................


You could see a jelly and a goblin.

Vanquished Creatures
  A crimson imp (D:4)
  3 gnolls (D:5)
  6 adders
  2 worms (D:2)
  An ooze (D:2)
  2 orcs
  5 goblins
  13 hobgoblins
  8 kobolds
  3 quokkas
  A ball python (D:3)
  7 bats
  8 giant cockroaches
  6 giant geckos
  A giant gecko skeleton (D:3)
  9 giant newts
  6 jackals
  6 rats
  2 plants (D:1)
90 creatures vanquished.

Notes
Turn   | Place    | Note
--------------------------------------------------------------
     0 | D:1      | Sachiko, the Lava Orc Berserker, began the quest for the Orb.
     0 | D:1      | Reached XP level 1. HP: 19/19 MP: 0/0
    94 | D:1      | Reached XP level 2. HP: 20/26 MP: 1/1
   111 | D:1      | Acquired Trog's second power
   147 | D:1      | Reached skill level 4 in Fighting
   636 | D:2      | Reached XP level 3. HP: 11/33 MP: 2/2
  1006 | D:2      | Reached XP level 4. HP: 26/40 MP: 3/3
  1549 | D:3      | Upgraded the game from 0.13-a0-3016-gcb2faac to 0.13-a0-3060-g5a62039
  2167 | D:4      | Reached XP level 5. HP: 8/46 MP: 4/4
  2449 | D:4      | Found a staircase to the Ecumenical Temple.
  2495 | D:4      | Acquired Trog's third power
  2667 | D:4      | Reached skill level 5 in Axes
  2905 | D:5      | Entered Level 5 of the Dungeon
  3197 | D:5      | Splashed by a jelly's acid

Action                   |  1- 3 |  4- 6 || total
-------------------------+-------+-------++-------
Melee: Hand axe          |   132 |   193 ||   325
Invok: Berserk           |     1 |       ||     1
Evoke: Wand              |       |     2 ||     2
  Use: Potion            |     1 |     5 ||     6
       Scroll            |     4 |     8 ||    12
